 Dungeon Crawl Stone Soup version 0.23.1-37-gaa34b87 (webtiles) character file.

Game seed: 15741038929786119951

1614 Kairos the Cleaver (level 8, -2/73 HPs)
             Began as a Hill Orc Fighter on Mar 23, 2019.
             Was a Follower of Okawaru.
             Slain by a green ugly thing (9 damage)
             ... on level 6 of the Dungeon.
             The game lasted 00:08:03 (4170 turns).

Kairos the Cleaver (Hill Orc Fighter)               Turns: 4170, Time: 00:08:04

Health: -2/73      AC: 13    Str: 21    XL:     8   Next: 96%
Magic:  12/14      EV: 11    Int: 12    God:    Okawaru [*.....]
Gold:   124        SH: 12    Dex: 10    Spells: 13/13 levels left

rFire    + + .     SeeInvis .   a - +0 war axe
rCold    x . .     Gourm    .   c - +0 shield
rNeg     + . .     Faith    .   j - +0 chain mail
rPois    .         Spirit   .   (no helmet)
rElec    +         Reflect  .   (no cloak)
rCorr    .         Harm     .   (no gloves)
MR       .....                  s - +0 pair of boots
Stlth    +.........             u - amulet of rage
HPRegen  0.22/turn              B - ring "Keab" {Fire rElec rN+ Int+4}
MPRegen  0.14/turn              A - ring of protection from fire

@: lethally poisoned (-2 -> -87), about to teleport, heroism
A: no striking features
a: Heroism, Renounce Religion, Evoke Berserk Rage


You were on level 6 of the Dungeon.
You worshipped Okawaru.
Okawaru was aware of your devotion.
You were very hungry.

You visited 1 branch of the dungeon, and saw 6 of its levels.

You collected 220 gold pieces.
You spent 96 gold pieces at shops.

Inventory:

Hand Weapons
 a - a +0 war axe (weapon)
Missiles
 l - 2 silver javelins
 v - 3 steel tomahawks (quivered)
Armour
 c - a +0 shield (worn)
 j - a +0 chain mail (worn)
 s - a +0 pair of boots (worn)
Jewellery
 u - an amulet of rage (around neck)
 A - a ring of protection from fire (right hand)
 B - the ring "Keab" (left hand) {Fire rElec rN+ Int+4}
   (You found it on level 5 of the Dungeon)

   [ring of fire]

   It enhances your fire magic.
   It affects your intelligence (+4).
   It protects you from fire.
   It makes you vulnerable to cold.
   It insulates you from electricity.
   It protects you from negative energy.
Wands
 C - a wand of acid (9)
Scrolls
 h - 2 scrolls of immolation
 k - 3 scrolls of teleportation
 m - 2 scrolls of remove curse {unknown}
 n - 2 scrolls of fear
 o - 2 scrolls of magic mapping
 q - a scroll of fog {unknown}
 t - a scroll of blinking {unknown}
 D - a scroll of amnesia {unknown}
Potions
 b - a potion of invisibility
 d - 2 potions of might
 e - a potion of mutation
 g - 2 potions of ambrosia
 i - 3 potions of haste
 p - a potion of heal wounds
 r - 3 potions of curing
 w - 2 potions of lignification {unknown}
 x - a potion of brilliance {unknown}
 z - a potion of degeneration {unknown}
 E - a potion of flight {unknown}
Comestibles
 f - 10 rations


   Skills:
 + Level 7.5(12.5) Fighting
 + Level 9.0(14.0) Axes
 + Level 0.1(5.1) Throwing
 + Level 6.6(11.6) Armour
 + Level 3.6(8.6) Dodging
 + Level 3.5(8.5) Stealth
 + Level 6.8(11.8) Shields
 + Level 3.0 Spellcasting
 * Level 8.0 Invocations


You had 13 spell levels left.
You didn't know any spells.
Your spell library was empty.

Dungeon Overview and Level Annotations

Branches:
Dungeon (6/15)
 Temple: D:4-7

Altars:
Elyvilon
Gozag
Nemelex Xobeh
Okawaru
Yredelemnul

Shops:
D:5 *


Message History

You feel sick. The green ugly thing pecks you!
You are lethally poisoned!
The green ugly thing poisons you!
Your shield and chain mail prevent you from hitting the green ugly thing.
The green ugly thing is severely wounded.
You feel very sick. The green ugly thing pecks you!
You gain the combat prowess of a mighty hero.
* * * LOW HITPOINT WARNING * * *
You feel very sick. The green ugly thing pecks you!
* * * LOW HITPOINT WARNING * * *
You are more poisoned.
The green ugly thing poisons you!
As you read the scroll of teleportation, it crumbles to dust.
You feel strangely unstable.
* * * LOW HITPOINT WARNING * * *
You feel extremely sick. The green ugly thing pecks you!
You die...

#.........# #.........#
#.........# #.........#
##.......#########
#................##
#.......†.######..#######
#........># ###.......#
#.........# #%@...##...
#.........# #..u.......
##.......## #.).........$
##.....## #!#.#........
####### #.#)#........ .
###........ . ......<..
.. .......


You could see a green ugly thing.

Vanquished Creatures
  2 phantoms (D:4)
  An ogre (D:2)
  2 centaurs (D:5)
  A scorpion (D:5)
  A howler monkey (D:4)
  An orc priest (D:5)
  3 orc wizards
  Terence (D:3)
  3 worker ants
  A killer bee zombie (D:5)
  A hound skeleton (D:4)
  A hound zombie (D:5)
  A worker ant zombie (D:4)
  13 adders
  4 gnolls (D:4)
  3 oozes
  An adder zombie (D:5)
  4 worms
  3 dart slugs
  16 orcs
  6 bats
  11 goblins
  11 hobgoblins
  2 jackals (D:3)
  3 quokkas
  5 ball pythons
  6 frilled lizards
  12 kobolds
  A leopard gecko skeleton (D:4)
  8 rats
128 creatures vanquished.

Notes
Turn   | Place    | Note
-------+----------+-------------------------------------------
     0 | D:1      | Kairos the Hill Orc Fighter began the quest for the Orb.
     0 | D:1      | Reached XP level 1. HP: 19/19 MP: 1/1
    93 | D:1      | Reached XP level 2. HP: 15/27 MP: 2/2
   215 | D:1      | Reached skill level 3 in Axes
   428 | D:1      | Reached XP level 3. HP: 32/33 MP: 3/3
   916 | D:2      | Reached XP level 4. HP: 33/40 MP: 4/4
   947 | D:2      | Reached skill level 4 in Axes
  1094 | D:2      | Noticed an ogre
  1954 | D:2      | Killed an ogre
  1954 | D:2      | Reached skill level 5 in Axes
  1954 | D:2      | Reached XP level 5. HP: 26/47 MP: 5/5
  2532 | D:3      | Reached XP level 6. HP: 53/53 MP: 6/6
  2789 | D:3      | Reached skill level 6 in Axes
  2831 | D:3      | Noticed Terence
  2847 | D:3      | Killed Terence
  2943 | D:4      | Reached skill level 5 in Fighting
  2946 | D:4      | Found an iron altar of Okawaru.
  2966 | D:4      | Reached XP level 7. HP: 55/61 MP: 7/7
  2972 | D:4      | Became a worshipper of Warmaster Okawaru
  2978 | D:4      | Reached skill level 1 in Dodging
  3112 | D:4      | Reached skill level 1 in Invocations
  3121 | D:4      | Reached skill level 8 in Axes
  3121 | D:4      | Reached XP level 8. HP: 61/73 MP: 7/13
  3431 | D:5      | Entered Level 5 of the Dungeon
  3466 | D:5      | Found a white marble altar of Elyvilon.
  3550 | D:5      | Found Pehih's Assorted Antiques.
  3738 | D:5      | Reached * piety under Okawaru
  3830 | D:5      | Found a sparkling altar of Nemelex Xobeh.
  3830 | D:5      | Found an opulent altar of Gozag.
  3868 | D:5      | Found a basalt altar of Yredelemnul.
  3901 | D:5      | Got a vibrating granite ring
  3933 | D:5      | Reached skill level 9 in Axes
  4057 | D:5      | Identified the ring "Keab" {Fire rElec rN+ Int+4} (You
                  | found it on level 5 of the Dungeon)
  4100 | D:5      | Bought a scroll labeled LEYGIXTYLA for 21 gold pieces
  4100 | D:5      | Bought a scroll labeled PUODIRI FORAE for 21 gold pieces
  4100 | D:5      | Bought a fizzy orange potion for 18 gold pieces
  4100 | D:5      | Bought a sedimented purple potion for 18 gold pieces
  4100 | D:5      | Bought a lumpy inky potion for 18 gold pieces
  4153 | D:6      | Noticed a green ugly thing
  4170 | D:6      | Slain by a green ugly thing

Skill      XL: |  1  2  3  4  5  6  7  8 |
---------------+-------------------------+-----
Axes           | 3 5 6 8 9 |  9.0
Fighting       | 4 5 7 |  7.5
Armour         | 4 6 |  6.6
Shields        | 4 6 |  6.8
Dodging        | 3 |  3.6
Invocations    | 7 8 |  8.0
Stealth        | 3 |  3.5
Spellcasting   | 3 |  3.0
Throwing       | |  0.1

Action                   |  1- 3 |  4- 6 |  7- 9 || total
-------------------------+-------+-------+-------++-------
Melee: War axe           |    97 |   221 |   153 ||   471
Throw: Tomahawk          |       |     2 |       ||     2
Invok: Heroism           |       |       |     1 ||     1
  Use: Scroll            |     4 |     5 |     4 ||    13
       Potion            |       |       |     1 ||     1
  Eat: Ration            |       |     1 |       ||     1
       Chunk             |       |     3 |     4 ||     7
Armor: Scale mail        |     5 |       |       ||     5
       Chain mail        |    47 |    90 |    59 ||   196
Dodge: Dodged            |    16 |    60 |    38 ||   114
Block: Shield            |    48 |   129 |    78 ||   255
